 Dungeon Crawl Stone Soup version 0.31-a0-963-ga325b2283a (webtiles) character file.

Game seed: 16007638828323450104

1361 Arcadio the Zephyrmancer (level 8, -1/41 HPs)
             Began as a Tengu Air Elementalist on Oct 25, 2023.
             Was an Initiate of Fedhas.
             Succumbed to Blork the orc's poison
             ... on level 6 of the Dungeon.
             The game lasted 00:15:17 (5745 turns).

Arcadio the Zephyrmancer (Tengu Air Elementalist)   Turns: 5745, Time: 00:15:17

Health: -1/41      AC:  6    Str:  8    XL:     8   Next: 64%
Magic:  16/17      EV: 34    Int: 18    God:    Fedhas [......]
Gold:   271        SH:  0    Dex: 15    Spells: 8/18 levels left

rFire   . . .        y - +7 staff of the Meek {protect, meekguard}
rCold   . . .        (shield currently unavailable)
rNeg    . . .        a - +0 robe
rPois   .            (helmet restricted)
rElec   .            q - +2 cloak
rCorr   .            m - +0 pair of gloves
SInv    .            (boots unavailable)
Will    .....        t - amulet of regeneration
Stlth   ++           (no ring)
HPRegen 1.06/turn    (no ring)
MPRegen 0.15/turn

%: acrobat
@: lethally poisoned (-1 -> -13), acrobatic, flying
A: beak, talons 3, evasive flight, acrobatic
a: Renounce Religion


You were on level 6 of the Dungeon.
You worshipped Fedhas.
Fedhas was noncommittal.
You visited 2 branches of the dungeon, and saw 7 of its levels.

You collected 271 gold pieces.

Inventory:

Hand Weapons
 e - a +0 dagger
 x - a +1 vampiric dagger
 y - the +7 staff of the Meek (weapon) {protect, meekguard}
   (You found it on level 4 of the Dungeon)
Armour
 a - a +0 robe (worn)
 m - a +0 pair of gloves (worn)
 p - a +0 cloak
 q - a +2 cloak (worn)
Jewellery
 n - a +6 ring of intelligence
 t - an amulet of regeneration (around neck)
Wands
 r - a wand of digging (7)
Scrolls
 c - 2 scrolls of noise
 d - 7 scrolls of teleportation
 i - a scroll of enchant weapon {unknown}
 k - a scroll of immolation {unknown}
 l - a scroll of vulnerability {unknown}
 v - 3 scrolls of blinking {unknown}
 w - a scroll of revelation {unknown}
 z - 2 scrolls of amnesia {unknown}
 A - a scroll of fear {unknown}
Potions
 b - a potion of magic
 f - a potion of lignification
 g - 3 potions of curing
 h - a potion of berserk rage
 j - a potion of heal wounds {unknown}
 o - 3 potions of haste {unknown}
 s - 2 potions of invisibility {unknown}
 u - a potion of attraction {unknown}


   Skills:
 + Level 6.9 Dodging
 - Level 2.0 Stealth
 + Level 5.7 Spellcasting
 - Level 1.3 Conjurations
 + Level 8.7 Air Magic


You had 8 spell levels left.
You knew the following spells:

 Your Spells              Type           Power      Damage    Failure   Level
a - Shock                 Conj/Air       92%        1d8       1%          1
b - Static Discharge      Conj/Air       46%        3-5/arc   2%          2
c - Swiftness             Air            36%        N/A       1%          3
d - Airstrike             Air            18%        2d(3-19)  3%          4

Your spell library contained the following spells:

 Spells                   Type           Power      Damage    Failure   Level
 Slow                     Hex            20%        N/A       12%         1
 Confusing Touch          Hex            5%         N/A       36%         3
 Frozen Ramparts          Ice            10%        1d2       36%         3
 Inner Flame              Hex/Fire       5%         N/A       36%         3
 Sigil of Binding         Hex            5%         N/A       36%         3
 Vampiric Draining        Necr           5%         2d6       36%         3
 Petrify                  Tmut/Erth      5%         N/A       77%         4
 Metabolic Englaciation   Hex/Ice        2%         N/A       98%         5
 Yara's Violent Unravell  Hex/Tmut       2%         3d3       98%         5
 Enfeeble                 Hex            2%         N/A       100%        7


Dungeon Overview and Level Annotations

Branches:
Dungeon (6/15) Zot: 26750  Temple (1/1) D:5 Zot: 5973

Altars:
Ashenzari
Dithmenos
Elyvilon
Fedhas
Gozag
Hepliaklqana
Nemelex Xobeh
Okawaru
Qazlal
Ru
Trog
Uskayaw

Shops:
D:1 ?

Annotations:
D:6 Blork the orc


Innate Abilities, Weirdness & Mutations

You have a beak for a mouth.
You have claws for feet.
Your magical flight helps you evade attacks. (EV +4)
You can magically evade attacks while moving or waiting.


Message History

Blork the orc gestures wildly while chanting.
Blork the orc seems to speed up.
An ice beast comes into view.
The orc closely misses you.
A gnoll comes into view. It is wielding a +0 flail.
You sock the orc!
Your weapon exudes an aura of protection.
You kill the orc!
Fedhas appreciates your contribution to the ecosystem.
Blork the orc miscasts a cantrip.
Blork the orc completely misses you. Blork the orc completely misses you.
Blork the orc closely misses you.
Blork the orc attacks as he pursues you!
Blork the orc completely misses you. Blork the orc barely misses you.
Casting: Static Discharge (safe; 2% risk of failure)
Confirm with . or Enter, or press ? or * to list all spells.
Aiming: Shock (safe; 1% risk of failure)
Press: ? - help, Shift-Dir - straight line The zap hits Blork the orc but does no damage.
The zap hits the orc.
The orc is heavily wounded.
The zap hits the orc.
You kill the orc!
Fedhas appreciates your contribution to the ecosystem.
Blork the orc hits you from afar with a +5 glaive of venom!
You are poisoned.
You feel better.
Blork the orc hits you from afar with a +5 glaive of venom!!
Ouch! That really hurt!
You are lethally poisoned!
Blork the orc barely misses you.
* * * LOW HITPOINT WARNING * * *
You feel extremely sick.
Blork the orc attacks as he pursues you!
Blork the orc completely misses you.
* * * LOW HITPOINT WARNING * * *
You feel very sick.
You die...
Fedhas appreciates your contribution to the ecosystem.

... g. #.# .# # #.#
.. #. #.###.### ...
###...Y...# ...
#.)..)..# . ..
#Y#######
#...#.####o#
#......@.#.#######.
#...###..o.........
# #.##.#######. #
#.......#
...#.##.##.#
......##.##.#
#...........#
#...#.##.#..# #.#
#.##.#..#


You could see Blork the orc (fast).

Vanquished Creatures
  Sigmund (D:4)
  A steam dragon (D:6)
  Menkaure (D:4)
  An ice beast (D:6)
  A centaur (D:5)
  A scorpion (D:5)
  A vampire bat (D:3)
  2 hounds
  3 jellies
  3 orc priests
  Crazy Yiuf (D:2)
  A sleepcap (D:5)
  An iguana (D:4)
  3 orc wizards
  Natasha (twice) (D:2)
  4 adders
  A shadow imp (D:5)
  2 ufetubi (D:5)
  A worm (D:4)
  2 dart slugs
  3 fire bats (D:3)
  19 orcs
  2 spectral bats (D:3)
  4 ball pythons
  3 bat skeletons (D:3)
  A bat zombie (D:3)
  4 endoplasms
  3 giant cockroaches (D:1)
  5 goblins
  7 hobgoblins
  6 kobolds
  4 quokkas
  11 bats
  A bat simulacrum (D:3)
  3 frilled lizards
  2 rats (D:1)
111 creatures vanquished.

Notes
Turn   | Place    | Note
-------+----------+-------------------------------------------
     0 | D:1      | Arcadio the Tengu Air Elementalist began the quest for the
                  | Orb.
     0 | D:1      | Reached XP level 1. HP: 10/10 MP: 4/4
   194 | D:1      | Reached XP level 2. HP: 15/15 MP: 6/6
   290 | D:1      | Found Ruicvid's Magic Scroll Emporium.
   734 | D:1      | Reached XP level 3. HP: 19/19 MP: 7/7
   839 | D:1      | Learned a level 2 spell: Static Discharge
   843 | D:1      | Learned a level 3 spell: Swiftness
  1120 | D:2      | Noticed Natasha
  1126 | D:2      | Killed Natasha
  1127 | D:2      | Reached XP level 4. HP: 19/24 MP: 1/9
  1172 | D:2      | Noticed Natasha
  1178 | D:2      | Killed Natasha
  1179 | D:2      | Reached skill level 5 in Air Magic
  1404 | D:2      | Found a runed translucent door.
  1405 | D:2      | Noticed Crazy Yiuf
  1483 | D:2      | Found a faded altar of an unknown god.
  1903 | D:2      | Killed Crazy Yiuf
  1903 | D:2      | HP: 1/23 [/static electricity (2)]
  1904 | D:2      | Reached XP level 5. HP: 2/28 MP: 3/10
  2122 | D:3      | Found a shadowy altar of Dithmenos.
  2924 | D:3      | Reached XP level 6. HP: 32/32 MP: 6/12
  2932 | D:3      | Reached skill level 6 in Air Magic
  3046 | D:3      | Learned a level 4 spell: Airstrike
  3841 | D:4      | Gained mutation: Your magical flight helps you evade
                  | attacks. (EV +4) [Tengu growth]
  3841 | D:4      | Reached XP level 7. HP: 14/36 MP: 7/14
  3941 | D:4      | Noticed Menkaure
  4063 | D:4      | Noticed Sigmund
  4181 | D:4      | Reached skill level 5 in Dodging
  4191 | D:4      | Found the +7 staff of the Meek {protect, meekguard}
  4337 | D:4      | Killed Sigmund
  4338 | D:4      | Reached skill level 7 in Air Magic
  4423 | D:4      | Killed Menkaure
  4673 | D:5      | Entered Level 5 of the Dungeon
  4724 | D:5      | Reached XP level 8. HP: 41/41 MP: 12/16
  4738 | D:5      | Reached skill level 5 in Spellcasting
  4996 | D:5      | Reached skill level 8 in Air Magic
  5229 | D:5      | Found a staircase to the Ecumenical Temple.
  5238 | Temple   | Entered the Ecumenical Temple
  5252 | Temple   | Became a worshipper of Fedhas Madash
  5408 | D:5      | Found a hazy altar of Hepliaklqana.
  5626 | D:6      | Found an opulent altar of Gozag.
  5733 | D:6      | Noticed Blork the orc
  5745 | D:6      | Succumbed to Blork the orc's poison

Illustrated notes

Levels and vault maps discovered:
D:1:      grunt_arrival_crossed_arrows, layout_loops_ring, serial_shops,
          nicolae_shop_real_fake_doors
D:2:      layout_loops_ring, chequers_ecumenical_altar_lobes, uniq_natasha,
          uniq_crazy_yiuf_cottage
D:3:      layout_basic, mainiacjoe_overflow_boulevard, minmay_misc_feat_iff,
          goddamned_bats
D:4:      layout_gridville, pf_guarded_unrand_meek, uniq_sigmund, uniq_menkaure
D:5:      layout_gridville, lemuel_coloured_pillars_altar,
          lemuel_temple_firewalk_a
D:6:      layout_loops_ring, grunt_gozag_breadcrumbs, minmay_chambers_of_fives,
          uniq_blork_the_orc
Temple:   nicolae_temple_figure_zero

Skill      XL: |  1  2  3  4  5  6  7  8 |
---------------+-------------------------+-----
Dodging        | 3 4 6 |  6.9
Air Magic      | 5 6 7 8 |  8.7
Spellcasting   | 3 4 5 |  5.7
Stealth        | |  2.0
Conjurations   | |  1.3

Action                     |  1- 3 |  4- 6 |  7- 9 || total
---------------------------+-------+-------+-------++-------
  Melee: Dagger            |    19 |    52 |    27 ||    98
         Unarmed           |     7 |       |       ||     7
         Kick              |     7 |    13 |    23 ||    43
         Peck              |     2 |     6 |    12 ||    20
         Punch             |     1 |     1 |       ||     2
         Quarterstaff      |       |       |    44 ||    44
   Cast: Shock             |    33 |    84 |    62 ||   179
         Static Discharge  |       |    10 |     5 ||    15
    Use: Scroll            |       |     5 |     1 ||     6
         Potion            |       |       |     2 ||     2
   Stab: Sleeping          |     3 |     3 |     2 ||     8
 Armour: Robe              |    11 |    61 |    41 ||   113
  Dodge: Dodged            |    13 |    65 |    88 ||   166

Table legend: (Time is in decaauts)
 A = Elapsed time spent in this place.
 B = Non-inter-level travel time spent in this place.
 C = Inter-level travel time spent in this place.
 D = Time resting spent in this place.
 E = Time spent auto-exploring this place.
 F = Levels seen in this place.
 G = Mean time per level.
                   A        B        C        D        E       F      G
               +--------+--------+--------+--------+--------+-----+--------+
         Total |   5764 |   5536 |    228 |     97 |   4445 |   7 |  823.4 |
       Dungeon |   5737 |   5509 |    228 |     97 |   4445 |   6 |  956.2 |
        Temple |     26 |     26 |      0 |      0 |      0 |   1 |   26.0 |
               +--------+--------+--------+--------+--------+-----+--------+

Top non-repeatable levels by time:
     D:4: 1477 daAuts
     D:2: 1197 daAuts
     D:3: 1169 daAuts
     D:1: 879 daAuts
     D:5: 763 daAuts
     D:6: 249 daAuts
  Temple: 26 daAuts
